 Dungeon Crawl Stone Soup version 0.26.0-18-gc5c842f807 (webtiles) character file.

Game seed: 15323745766533688923

122522 dolemite99 the Thaumaturge (level 16, 0/112 HPs)
             Began as a Gnoll Conjurer on Jan 24, 2021.
             Was an Elder of Hepliaklqana.
             Slain by a four-headed hydra (16 damage)
             ... called by a spriggan druid
             ... on level 3 of the Swamp.
             The game lasted 01:44:26 (49831 turns).

dolemite99 the Thaumaturge (Gnoll Conjurer)        Turns: 49831, Time: 01:44:27

Health: 0/112      AC: 19    Str: 14    XL:     16   Next: 88%
Magic:  13/32      EV: 18    Int: 28    God:    Hepliaklqana [****..]
Gold:   1099       SH: 12    Dex: 17    Spells: 1/39 levels left

rFire    . . .     SeeInvis .   O - +5 trident
rCold    . . .     Faith    .   Q - +0 kite shield
rNeg     + . .     Spirit   .   A - +0 swamp dragon scales
rPois    +         Reflect  .   Z - +1 helmet {Int+3}
rElec    +         Harm     .   U - +0 cloak
rCorr    .         Rampage  .   r - +1 pair of gloves
Will     +....                  c - +1 pair of boots
Stlth    ++........             z - amulet of regeneration
HPRegen  0.68/turn              Y - ring of wizardry
MPRegen  0.23/turn              n - ring "Halada" {rElec rN+ Str+5, =R}

@: about to teleport, very slow
A: distributed training, reduced essence, fangs 1, strong nose
a: Renounce Religion, Recall Ancestor, Ancestor Identity, Transference, Idealise


You were on level 3 of the Swamp.
You worshipped Hepliaklqana.
Hepliaklqana was greatly pleased with you.
You visited 6 branches of the dungeon, and saw 28 of its levels.

You collected 3642 gold pieces.
You spent 2543 gold pieces at shops.

Inventory:

Hand Weapons
 I - a +2 scimitar of flaming
 O - a +5 trident (weapon)
 R - the +1 hand crossbow of Ythratipt {penet, rN+}
   (You found it on level 9 of the Dungeon)

   Ammo fired by it passes through the targets it hits, potentially hitting all
   targets in its path until it reaches maximum range.
   It protects you from negative energy.
Missiles
 j - 343 bolts
 G - 3 curare-tipped darts (quivered)
Armour
 c - a +1 pair of boots (worn)
 r - a +1 pair of gloves (worn)
 A - +0 swamp dragon scales (worn)
 Q - a +0 kite shield (worn)
 U - a +0 cloak (worn)
 Z - a +1 helmet of intelligence (worn)
Magical Staves
 a - an uncursed staff of poison
 b - an uncursed staff of earth
 w - an uncursed staff of cold
Jewellery
 l - an uncursed ring of willpower
 n - the ring "Halada" (right hand) {rElec rN+ Str+5, =R}
   (You acquired it on level 1 of the Lair of Beasts)

   [ring of positive energy]

   It affects your strength (+5).
   It insulates you from electricity.
   It protects you from negative energy.
 s - an uncursed ring of positive energy {unknown}
 z - an amulet of regeneration (around neck)
 C - an uncursed ring of protection from cold
 H - an uncursed ring of see invisible
 L - an uncursed ring of protection from fire
 W - the ring "Xifrebae" {Fire rN+ Will+ Int-3 Stlth+}
   (You found it on level 9 of the Dungeon)

   [ring of fire]

   It enhances your fire magic.
   It affects your intelligence (-3).
   It protects you from fire.
   It makes you vulnerable to cold.
   It protects you from negative energy.
   It affects your willpower, your defense against some magical effects.
   It makes you more stealthy.
 Y - a ring of wizardry (left hand)
Wands
 q - a wand of disintegration (18)
 u - a wand of random effects (49)
 E - a wand of flame (39)
 F - a wand of paralysis (16)
 M - a wand of polymorph (14)
 P - a wand of digging (11)
 S - a wand of enslavement (12)
Scrolls
 d - 2 scrolls of vulnerability
 f - 3 scrolls of identify {@r1}
 g - 12 scrolls of remove curse {@r2}
 t - 6 scrolls of teleportation
 x - 5 scrolls of fog
 K - 2 scrolls of silence
Potions
 e - 2 potions of brilliance
 h - 8 potions of curing
 i - 3 potions of berserk rage
 m - a potion of flight
 p - 2 potions of lignification
 T - a potion of magic
 V - a potion of ambrosia
Miscellaneous
 k - a box of beasts (inert)
 o - a condenser vane (inert)
 B - a phial of floods (inert)
 J - a phantom mirror (inert)


   Skills:
 + Level 11.1 Fighting
 + Level 11.1 Short Blades
 + Level 11.1 Long Blades
 + Level 11.1 Axes
 + Level 11.1 Maces & Flails
 + Level 11.1 Polearms
 + Level 11.1 Staves
 + Level 11.1 Slings
 + Level 11.1 Bows
 + Level 11.1 Crossbows
 + Level 11.1 Throwing
 + Level 11.1 Armour
 + Level 11.9 Dodging
 + Level 11.8 Stealth
 + Level 11.1 Shields
 + Level 11.1 Unarmed Combat
 + Level 12.0 Spellcasting
 + Level 11.6 Conjurations
 + Level 9.4 Hexes
 + Level 9.4 Summonings
 + Level 9.4 Necromancy
 + Level 9.4 Translocations
 + Level 9.4 Transmutations
 + Level 9.4 Fire Magic
 + Level 9.4 Ice Magic
 + Level 9.4 Air Magic
 + Level 9.4 Earth Magic
 + Level 9.4 Poison Magic
 + Level 12.0 Invocations
 + Level 11.1 Evocations


You had one spell level left.
You knew the following spells:

 Your Spells              Type           Power        Failure   Level
a - Summon Lightning Spi  Summ/Air       63%          1%          4
b - Summon Ice Beast      Ice/Summ       63%          1%          4
c - Airstrike             Air            31%          1%          4
d - Mephitic Cloud        Conj/Pois/Air  65%          1%          3
e - Iskenderun's Mystic   Conj/Tloc      66%          1%          4
f - Conjure Ball Lightni  Conj/Air       33%          8%          6
g - Frozen Ramparts       Ice            100%         1%          3
h - Blink                 Tloc           N/A          1%          2
i - Animate Skeleton      Necr           100%         1%          1
j - Ozocubu's Armour      Ice            63%          1%          3
k - Slow                  Hex            63%          1%          2
l - Swiftness             Air            63%          1%          2

Your spell library contained the following spells:

 Spells                   Type           Power        Failure   Level
 Apportation              Tloc           100%         1%          1
 Corona                   Hex            70%          1%          1
 Freeze                   Ice            100%         1%          1
 Magic Dart               Conj           100%         1%          1
 Shock                    Conj/Air       100%         1%          1
 Summon Small Mammal      Summ           100%         1%          1
 Call Imp                 Summ           63%          1%          2
 Ensorcelled Hibernation  Hex/Ice        100%         1%          2
 Searing Ray              Conj           100%         1%          2
 Confusing Touch          Hex            63%          1%          3
 Conjure Flame            Conj/Fire      66%          1%          3
 Dazzling Flash           Conj/Hex       100%         1%          3
 Gell's Gravitas          Tloc           31%          1%          3
 Ignite Poison            Fire/Tmut/Pois 63%          1%          3
 Static Discharge         Conj/Air       66%          1%          3
 Tukima's Dance           Hex            63%          1%          3
 Fulminant Prism          Conj/Hex       33%          1%          4
 Hailstorm                Conj/Ice       66%          1%          4
 Ice Form                 Ice/Tmut       63%          1%          4
 Leda's Liquefaction      Hex/Erth       31%          1%          4
 Petrify                  Tmut/Erth      63%          1%          4
 Bolt of Magma            Conj/Fire/Erth 32%          1%          5
 Fireball                 Conj/Fire      33%          1%          5
 Lightning Bolt           Conj/Air       33%          1%          5
 Metabolic Englaciation   Hex/Ice        31%          2%          5
 Silence                  Hex/Air        31%          2%          5
 Yara's Violent Unravell  Hex/Tmut       31%          2%          5
 Iron Shot                Conj/Erth      33%          8%          6
 Starburst                Conj/Fire      33%          8%          6
 Freezing Cloud           Conj/Ice/Air   32%          9%          6
 Ozocubu's Refrigeration  Ice            31%          12%         6
 Simulacrum               Ice/Necr       31%          12%         6
 Statue Form              Tmut/Erth      42%          12%         6
 Ignition                 Fire           31%          99%         8
 Shatter                  Erth           31%          100%        9
 Tornado                  Air            31%          100%        9


Dungeon Overview and Level Annotations

Branches:
Dungeon (15/15)            Temple (1/1) D:4            Lair (6/6) D:8
  Swamp (3/4) Lair:4       Spider (1/4) Lair:2        Slime (0/5) Lair:6
    Orc (2/2) D:12            Elf (0/3) Orc:2        Vaults (0/5) D:13
 Depths (0/5) D:15

Altars:
Ashenzari
Cheibriados
Dithmenos
Elyvilon
Fedhas
Gozag
Hepliaklqana
Kikubaaqudgha
Makhleb
Nemelex Xobeh
Okawaru
Qazlal
Ru
Sif Muna
Trog
Uskayaw
Vehumet
Wu Jian
Xom
Zin
The Shining One
Beogh
Jiyva

Shops:
D:7 ?   D:11 *=   Orc:1 *   Orc:2 *!:}!

Annotations:
D:7 3 runed translucent doors, exclusions: downstairs and 1 more exclusion, dredge's ghost, novice MiBe
D:12 exclusion: downstairs
D:13 exclusion: 2 oklob plants
Lair:5 3 runed translucent doors, Adireryl's ghost, journeyman HOFi; Panli's ghost, journeyman CeAM; Plazmod's ghost, journeyman DECj; Serogusm's ghost, journeyman CeAM


Innate Abilities, Weirdness & Mutations

Your experience applies equally to all skills.
You have very sharp teeth.
Your uncanny sense of smell can sniff out nearby items.
Your life essence is reduced to manifest your ancestor. (-10% HP)


Message History

Your ice beast hits the alligator but does no damage.
As you read the scroll of teleportation, it crumbles to dust.
You feel strangely unstable.
The alligator is no longer moving slowly.
You block the alligator's attack. The alligator completely misses you.
Your ice beast hits the alligator but does no damage.
You feel better.
The alligator bites you but does no damage.
The alligator tail-slaps you!
* * * LOW HITPOINT WARNING * * *
The spriggan rider hits you from afar with a +0 spear.
* * * LOW HITPOINT WARNING * * *
The alligator bites you.
* * * LOW HITPOINT WARNING * * *
The alligator tail-slaps you.
* * * LOW HITPOINT WARNING * * *
Your ice beast hits the alligator.
Your ice beast freezes the alligator!!
You feel better. The spriggan rider closely misses you.
The four-headed hydra bites you!
You die...

♣♣♣♣♣.(≈♣ ♣♣♣♣♣
♣♣....≈≈.♣ ♣♣≈.≈≈♣♣♣♣♣
♣.≈†≈.≈§≈♣
≈≈..≈≈.≈..♣♣♣♣♣.≈§≈<♣♣♣♣
≈§≈.≈≈≈..≈.♣♣≈≈§♣♣♣♣♣
≈≈≈.)≈≈Yt[.≈≈≈....♣♣
≈≈..).8.i).R.≈≈.≈.≈♣
.≈..≈≈≈≈≈.§♣iD.≈≈≈.♣
....≈≈≈≈≈.♣♣.t@≈≈≈.♣
♣...≈≈)§..♣♣♣.≈≈≈≈.♣
..♣♣.≈≈≈≈.§ ♣♣≈≈≈.♣♣ ♣
♣♣≈.≈≈≈.. ≈♣♣♣♣♣ ∆
♣♣♣≈≈≈≈..≈ ≈≈≈≈≈.≈≈ ≈§ ∆
.≈≈


You could see the friendly Wigmund the knight, 2 alligators, a four-headed hydra
(strong), a spriggan rider and a friendly ice beast (summoned).

Vanquished Creatures
  Roxanne (Swamp:1)
  Snorg (Lair:4)
  8 hydras
  Fannar (Orc:1)
  A boulder beetle (Spider:1)
  A centaur warrior (D:15)
  2 catoblepae (Lair:6)
  Erica (D:11)
  2 two-headed ogres
  14 death yaks
  4 alligators
  3 spriggan druids
  2 unseen horrors (D:14)
  A goliath frog (Swamp:3)
  Pikel (D:7)
  A deep elf mage (D:15)
  A cyclops (D:14)
  An orc sorcerer (Orc:2)
  A wolf spider (Spider:1)
  3 manticores
  A will-o-the-wisp (Swamp:1)
  7 ugly things
  2 centaur zombies (D:15)
  Maurice (D:10)
  3 black mambas
  11 cane toads
  Maggie (D:6)
  5 komodo dragons
  2 kobold demonologists (D:11)
  A yaktaur (D:15)
  2 rime drakes
  2 jumping spiders (Spider:1)
  4 trolls
  3 hornets
  12 blink frogs
  2 redbacks
  A spriggan (Swamp:1)
  27 yaks
  Eustachio (D:6)
  2 wraiths
  3 humans (D:13)
  A basilisk (D:14)
  Menkaure (D:7)
  2 vampire mosquitoes
  2 swamp worms (Swamp:1)
  A warg (Orc:2)
  9 water moccasins
  8 orc warriors
  An eye of draining (D:14)
  7 ice beasts
  3 black bears
  7 sky beasts
  A phantom (D:12)
  12 wolves
  A boggart (D:14)
  18 ogres
  2 lemures (D:7)
  9 centaurs
  2 big kobolds
  2 knights (D:14)
  13 bullfrogs
  A gnoll sergeant (D:9)
  3 scorpions
  2 wyvern skeletons
  A water moccasin skeleton (D:10)
  11 killer bees
  A vampire bat (D:3)
  8 wights
  2 electric eels (Lair:4)
  A howler monkey (D:9)
  5 hounds
  3 jellies
  8 orc wizards
  10 orc priests
  Jessica (D:2)
  An iguana (D:7)
  Terence (D:3)
  5 worker ants
  Natasha (thrice) (D:2)
  2 ancestors
  Robin (D:2)
  A howler monkey skeleton (D:4)
  6 gnolls
  6 adders
  A shadow imp (D:5)
  2 white imps
  3 ufetubi
  An ooze (D:1)
  An adder zombie (D:5)
  6 worms
  3 fire bats (D:3)
  3 leopard geckos
  41 orcs
  2 spectral bats (D:3)
  14 bats
  A bat simulacrum (D:3)
  3 bat skeletons (D:3)
  A bat zombie (D:3)
  6 giant cockroaches
  17 goblins
  5 hobgoblins
  8 jackals
  14 kobolds
  A quokka (D:8)
  3 ball pythons
  7 frilled lizards
  A jackal zombie (D:5)
  2 quokka zombies
  14 rats
488 creatures vanquished.

Vanquished Creatures (collateral kills)
  Rupert (Lair:5)
  Jorgrun (Orc:1)
  Gastronok (D:9)
  A fenstrider witch (Swamp:2)
  4 bunyips
  A vault guard (D:13)
  2 ghost crabs (Swamp:2)
  A rakshasa (D:13)
  A catoblepas (Lair:6)
  3 hydras
  2 boulder beetles
  5 centaur warriors
  2 ogre magi (D:15)
  6 alligators
  6 two-headed ogres
  2 tengu warriors (D:13)
  4 death yaks
  4 orc high priests (Orc:2)
  The ghost of qqq123 the Chopper, a novice GrFi of Okawaru (D:9)
  An unseen horror (D:11)
  2 spriggan druids
  4 orc knights (Orc:2)
  A swamp dragon (Swamp:2)
  3 wizards
  2 manticores
  7 ugly things
  2 necromancers (D:13)
  3 orc sorcerers (Orc:2)
  2 deep elf magi
  4 wolf spiders
  2 cyclopes
  3 will-o-the-wisps
  A naga mage (D:15)
  2 cane toads (Lair:2)
  5 centaur zombies
  A torpor snail (Lair:6)
  2 gargoyles (D:13)
  4 komodo dragons
  3 kobold demonologists
  A demonic crawler (Lair:2)
  An efreet (D:13)
  5 yaktaurs (D:15)
  A harpy zombie (D:15)
  2 polar bears (D:12)
  A tengu conjurer (D:13)
  A jumping spider (Lair:2)
  3 trolls
  7 slime creatures
  4 tyrant leeches
  A hornet (Swamp:2)
  5 blink frogs
  A centaur simulacrum (D:13)
  2 redbacks (Lair:2)
  2 vampires
  8 yaks
  3 spriggans
  A wyvern (D:14)
  2 wraiths
  2 basilisks
  A steam dragon (D:13)
  17 humans (D:13)
  14 vampire mosquitoes
  An acid dragon (D:13)
  3 swamp worms (Swamp:2)
  2 wargs (Orc:2)
  3 water moccasins
  A soldier ant (D:13)
  A floating eye (D:13)
  3 black bears
  A meliai simulacrum (D:13)
  19 orc warriors
  3 sky beasts
  2 swamp drakes (Swamp:1)
  9 ice beasts
  2 eyes of draining
  8 ogres
  A phantom (D:12)
  5 wolves
  4 boggarts (D:15)
  7 centaurs
  A lemure (D:7)
  A big kobold (D:15)
  7 bullfrogs
  A gnoll sergeant (Orc:1)
  A scorpion (D:13)
  4 killer bees
  A wyvern skeleton (D:13)
  14 wights
  2 howler monkeys
  A lava snake (D:15)
  5 hounds
  2 jellies
  8 orc priests
  A bullfrog skeleton (D:12)
  3 centaur skeletons
  2 iguanas
  13 orc wizards
  3 worker ants
  A bullfrog simulacrum (D:13)
  7 gnolls
  2 adders
  A hound simulacrum (D:9)
  3 white imps (D:9)
  A howler monkey simulacrum (D:9)
  A worker ant simulacrum (D:9)
  A leopard gecko (D:8)
  52 orcs
  A ball python (D:8)
  A goblin (D:7)
  3 jackals (D:7)
  5 kobolds
  2 quokkas
  3 butterflies (Lair:2)
  A fire vortex (D:15)
417 creatures vanquished.

Vanquished Creatures (others)
  An eleionoma (Swamp:2)
  A necromancer (D:15)
  2 tyrant leeches
  2 bloated husks
  A shadow (D:13)
  A swamp worm (Swamp:2)
  A killer bee (D:9)
  An orc priest (Orc:2)
  24 knights
  9 ancestors
  44 ball lightnings
  28 foxfires
  8 fulminant prisms
  36 fungi
  59 plants
218 creatures vanquished.

Grand Total: 1123 creatures vanquished

Notes
Turn   | Place    | Note
-------+----------+-------------------------------------------
     0 | D:1      | dolemite99 the Gnoll Conjurer began the quest for the Orb.
     0 | D:1      | Reached XP level 1. HP: 13/13 MP: 6/6
   320 | D:1      | Reached XP level 2. HP: 19/19 MP: 5/7
  1200 | D:1      | Learned a level 2 spell: Searing Ray
  1225 | D:2      | Reached XP level 3. HP: 25/25 MP: 3/9
  1227 | D:2      | Reached skill level 5 in Spellcasting
  1228 | D:2      | Noticed Robin
  2156 | D:2      | Killed Robin
  2157 | D:2      | Reached skill level 1 in Invocations
  2251 | D:2      | Learned a level 3 spell: Dazzling Flash
  2283 | D:2      | Reached skill level 1 in Fighting
  2283 | D:2      | Reached skill level 1 in Short Blades
  2283 | D:2      | Reached skill level 1 in Long Blades
  2283 | D:2      | Reached skill level 1 in Axes
  2283 | D:2      | Reached skill level 1 in Maces & Flails
  2283 | D:2      | Reached skill level 1 in Polearms
  2283 | D:2      | Reached skill level 1 in Staves
  2283 | D:2      | Reached skill level 1 in Slings
  2283 | D:2      | Reached skill level 1 in Bows
  2283 | D:2      | Reached skill level 1 in Crossbows
  2283 | D:2      | Reached skill level 1 in Throwing
  2283 | D:2      | Reached skill level 1 in Armour
  2283 | D:2      | Reached skill level 1 in Shields
  2283 | D:2      | Reached skill level 1 in Unarmed Combat
  2283 | D:2      | Reached skill level 1 in Evocations
  2306 | D:2      | Found a glowing golden altar of the Shining One.
  2441 | D:2      | Reached XP level 4. HP: 32/32 MP: 7/11
  2592 | D:2      | Noticed Natasha
  2600 | D:2      | Killed Natasha
  2766 | D:2      | Found a white marble altar of Elyvilon.
  2792 | D:2      | Noticed Jessica
  2797 | D:2      | Killed Jessica
  2798 | D:2      | Reached skill level 1 in Hexes
  2798 | D:2      | Reached skill level 1 in Summonings
  2798 | D:2      | Reached skill level 1 in Necromancy
  2798 | D:2      | Reached skill level 1 in Translocations
  2798 | D:2      | Reached skill level 1 in Transmutations
  2798 | D:2      | Reached skill level 1 in Fire Magic
  2798 | D:2      | Reached skill level 1 in Ice Magic
  2798 | D:2      | Reached skill level 1 in Air Magic
  2798 | D:2      | Reached skill level 1 in Earth Magic
  2798 | D:2      | Reached skill level 1 in Poison Magic
  2890 | D:2      | Reached XP level 5. HP: 37/37 MP: 8/12
  3142 | D:2      | Noticed Natasha
  3146 | D:2      | Killed Natasha
  3678 | D:2      | Noticed Natasha
  3684 | D:2      | Killed Natasha
  4139 | D:3      | Found a broken altar of Ashenzari.
  4158 | D:3      | Reached XP level 6. HP: 28/44 MP: 5/13
  4783 | D:3      | Noticed Terence
  4795 | D:3      | Killed Terence
  4796 | D:3      | Reached skill level 5 in Dodging
  5632 | D:3      | Reached XP level 7. HP: 25/50 MP: 1/15
  6810 | D:4      | Reached skill level 5 in Stealth
  6846 | D:4      | Learned a level 4 spell: Fulminant Prism
  7171 | D:4      | You fall into a shaft and drop 1 floor!
  7171 | D:5      | Entered Level 5 of the Dungeon
  7267 | D:5      | Reached XP level 8. HP: 57/57 MP: 10/16
  7599 | D:4      | Found a staircase to the Ecumenical Temple.
  7615 | Temple   | Entered the Ecumenical Temple
  7836 | Temple   | Became a worshipper of Hepliaklqana the Forgotten
  8427 | D:5      | Found a snail-covered altar of Cheibriados.
  8432 | D:5      | Found a stormy altar of Qazlal.
  8432 | D:5      | Found a shimmering altar of Xom.
  8432 | D:5      | Found an ornate altar of the Wu Jian Council.
  8472 | D:6      | Noticed Maggie
  8491 | D:6      | Killed Maggie
  8922 | D:6      | Noticed Eustachio
  9159 | D:6      | Reached XP level 9. HP: 58/58 MP: 10/18
  9211 | D:6      | Killed Eustachio
  9706 | D:6      | Found a bloodstained altar of Trog.
  9752 | D:6      | Found an ancient bone altar of Kikubaaqudgha.
  9851 | D:6      | Found a radiant altar of Vehumet.
 10160 | D:7      | Found a flagged portal.
 10854 | D:7      | Noticed Menkaure
 10864 | D:7      | Killed Menkaure
 10893 | D:7      | Reached skill level 5 in Invocations
 11060 | D:7      | Noticed a hornet
 11071 | D:7      | Killed a hornet
 11198 | D:7      | Found Maimpor's Magic Scroll Shoppe.
 11285 | D:7      | Reached XP level 10. HP: 65/65 MP: 11/20
 11639 | D:7      | Learned a level 4 spell: Iskenderun's Mystic Blast
 11643 | D:7      | Learned a level 3 spell: Mephitic Cloud
 11648 | D:7      | Learned a level 4 spell: Airstrike
 11657 | D:7      | Found a runed translucent gate.
 11658 | D:7      | Found a runed translucent gate.
 11659 | D:7      | Found a runed translucent gate.
 11846 | D:7      | Noticed Pikel
 11858 | D:7      | Killed Pikel
 11859 | D:7      | Reached skill level 5 in Fighting
 11859 | D:7      | Reached skill level 5 in Short Blades
 11859 | D:7      | Reached skill level 5 in Long Blades
 11859 | D:7      | Reached skill level 5 in Axes
 11859 | D:7      | Reached skill level 5 in Maces & Flails
 11859 | D:7      | Reached skill level 5 in Polearms
 11859 | D:7      | Reached skill level 5 in Staves
 11859 | D:7      | Reached skill level 5 in Slings
 11859 | D:7      | Reached skill level 5 in Bows
 11859 | D:7      | Reached skill level 5 in Crossbows
 11859 | D:7      | Reached skill level 5 in Throwing
 11859 | D:7      | Reached skill level 5 in Armour
 11859 | D:7      | Reached skill level 5 in Shields
 11859 | D:7      | Reached skill level 5 in Unarmed Combat
 11859 | D:7      | Reached skill level 5 in Evocations
 12023 | D:7      | Bought a scroll of fog for 20 gold pieces
 12026 | D:7      | Bought a scroll of teleportation for 30 gold pieces
 12026 | D:7      | Bought a scroll of teleportation for 30 gold pieces
 12026 | D:7      | Bought a scroll of amnesia for 35 gold pieces
 12026 | D:7      | Bought a scroll of magic mapping for 35 gold pieces
 12026 | D:7      | Bought a scroll of enchant weapon for 75 gold pieces
 12026 | D:7      | Bought a scroll of identify for 20 gold pieces
 12026 | D:7      | Bought a scroll of identify for 20 gold pieces
 12026 | D:7      | Bought a scroll of identify for 20 gold pieces
 12026 | D:7      | Bought a scroll of identify for 20 gold pieces
 12057 | D:7      | Reached * piety under Hepliaklqana
 12224 | D:7      | Noticed dredge's ghost (novice MiBe)
 12556 | D:8      | Noticed a death yak
 12556 | D:8      | Noticed a death yak
 12556 | D:8      | Noticed a death yak
 12569 | D:8      | Noticed a death yak
 12569 | D:8      | Noticed a death yak
 12570 | D:8      | Noticed a death yak
 12571 | D:8      | Noticed a death yak
 12592 | D:7      | Killed a death yak
 13050 | D:8      | Found a staircase to the Lair.
 13614 | Lair:1   | Entered Level 1 of the Lair of Beasts
 13614 | Lair:1   | Noticed a death yak
 13614 | Lair:1   | Noticed a death yak
 13614 | Lair:1   | Noticed a death yak
 13614 | Lair:1   | Noticed a death yak
 13614 | Lair:1   | Noticed a death yak
 13614 | Lair:1   | Noticed a death yak
 13741 | D:7      | Killed a death yak
 14066 | D:8      | Killed a death yak
 14085 | D:8      | Killed a death yak
 14086 | D:8      | Reached XP level 11. HP: 72/72 MP: 11/22
 14106 | D:8      | Killed a death yak
 14482 | D:9      | Reached skill level 5 in Hexes
 14482 | D:9      | Reached skill level 5 in Summonings
 14482 | D:9      | Reached skill level 5 in Necromancy
 14482 | D:9      | Reached skill level 5 in Translocations
 14482 | D:9      | Reached skill level 5 in Transmutations
 14482 | D:9      | Reached skill level 5 in Fire Magic
 14482 | D:9      | Reached skill level 5 in Ice Magic
 14482 | D:9      | Reached skill level 5 in Air Magic
 14482 | D:9      | Reached skill level 5 in Earth Magic
 14482 | D:9      | Reached skill level 5 in Poison Magic
 14800 | D:9      | Found a runed translucent gate.
 14802 | D:9      | Found a runed translucent gate.
 14913 | D:9      | Found a runed translucent gate.
 15110 | D:9      | Reached ** piety under Hepliaklqana
 15111 | D:9      | Remembered your ancestor Wigmund as a knight
 15172 | D:9      | Noticed Gastronok
 15190 | D:9      | Killed Gastronok
 16131 | D:9      | Noticed qqq123's ghost (novice GrFi)
 16327 | D:10     | Entered Level 10 of the Dungeon
 16327 | D:10     | Found a stormy altar of Qazlal.
 16568 | D:10     | Learned a level 3 spell: Frozen Ramparts
 16691 | D:10     | Learned a level 4 spell: Hailstorm
 17021 | D:10     | Noticed Maurice
 17037 | D:10     | Killed Maurice
 18079 | Lair:1   | Identified a scroll of acquirement
 18080 | Lair:1   | Acquired the ring "Halada" {rElec rN+ Str+5}
 18187 | Lair:1   | Killed a death yak
 18197 | Lair:1   | Noticed a six-headed hydra
 18209 | Lair:1   | Reached *** piety under Hepliaklqana
 18220 | Lair:1   | Reached XP level 12. HP: 66/80 MP: 15/24
 18645 | Lair:1   | Killed a six-headed hydra
 19002 | Lair:1   | Noticed a six-headed hydra
 19009 | Lair:1   | Killed a six-headed hydra
 19214 | Lair:1   | Killed a death yak
 19235 | Lair:1   | Killed a death yak
 19586 | Lair:1   | Killed a death yak
 19588 | Lair:1   | Killed a death yak
 20424 | Lair:2   | Found a hole to the Spider Nest.
 20535 | Lair:2   | Reached **** piety under Hepliaklqana
 20562 | Lair:2   | Reached XP level 13. HP: 79/88 MP: 16/26
 22094 | Lair:4   | Noticed Snorg
 22100 | Lair:4   | Killed Snorg
 22385 | Lair:4   | Found a staircase to the Swamp.
 22421 | Lair:4   | Reached ***** piety under Hepliaklqana
 23085 | Lair:5   | Reached skill level 10 in Conjurations
 23130 | Lair:5   | Found a runed translucent gate.
 23131 | Lair:5   | Found a runed translucent gate.
 23132 | Lair:5   | Found a runed translucent gate.
 23132 | Lair:5   | Noticed Plazmod's ghost (journeyman DECj)
 23132 | Lair:5   | Noticed Adireryl's ghost (journeyman HOFi)
 23133 | Lair:5   | Noticed Adireryl's ghost (journeyman HOFi)
 23338 | Lair:5   | Noticed Serogusm's ghost (journeyman CeAM)
 23339 | Lair:5   | Noticed Panli's ghost (journeyman CeAM)
 23524 | Lair:5   | Noticed Rupert
 23524 | Lair:5   | Paralysed by Rupert for 2 turns
 23559 | Lair:5   | Paralysed by Rupert for 6 turns
 23579 | Lair:5   | Killed Rupert
 24020 | Lair:6   | Entered Level 6 of the Lair of Beasts
 24555 | Lair:6   | Reached skill level 10 in Spellcasting
 25149 | Lair:6   | Reached XP level 14. HP: 85/95 MP: 15/28
 25219 | Lair:6   | Found a viscous altar of Jiyva.
 25219 | Lair:6   | Found a staircase to the Slime Pits.
 25722 | Lair:6   | Reached skill level 10 in Dodging
 26890 | Lair:6   | Reached skill level 10 in Stealth
 27540 | D:11     | Noticed Erica
 27559 | D:11     | Killed Erica
 27560 | D:11     | Reached skill level 10 in Invocations
 28298 | D:11     | Found Sepauring's Jewellery Shop.
 28774 | D:11     | Found Ximmorch's General Store.
 28780 | D:11     | Bought a +1 helmet of intelligence for 231 gold pieces
 29141 | D:11     | Learned a level 4 spell: Summon Ice Beast
 29636 | D:12     | Found a staircase to the Orcish Mines.
 30075 | D:12     | Found a bloodstained altar of Trog.
 30670 | D:12     | Got a faintly humming ring mail
 30861 | D:12     | Identified the +1 ring mail "Resm" {-Tele rF+ Dex+2 Slay+2}
                  | (You found it on level 12 of the Dungeon)
 30891 | Orc:1    | Entered Level 1 of the Orcish Mines
 30951 | Orc:1    | Noticed Jorgrun
 30967 | Orc:1    | Killed Jorgrun
 31026 | Orc:1    | Found a frozen archway.
 31027 | Orc:1    | Found Ugoolugu's General Store.
 31055 | Orc:1    | Bought a potion of heal wounds for 65 gold pieces
 31055 | Orc:1    | Bought 2 scrolls of identify for 52 gold pieces
 31406 | Orc:1    | Noticed Fannar
 31418 | Orc:1    | Killed Fannar
 31825 | Orc:2    | Entered Level 2 of the Orcish Mines
 32161 | Orc:2    | Found Loyduij's Distillery.
 32164 | Orc:2    | Found a staircase to the Elven Halls.
 33148 | Orc:2    | Found a roughly hewn altar of Beogh.
 33620 | Orc:2    | Reached XP level 15. HP: 103/103 MP: 29/29
 34465 | Orc:2    | Found Gonneg's Assorted Antiques.
 34465 | Orc:2    | Found Peellenk's Gadget Shoppe.
 34467 | Orc:2    | Found Sijewi Oluc's Distillery.
 34467 | Orc:2    | Found Xuasobona's Book Shoppe.
 34516 | Orc:2    | Learned a level 2 spell: Blink
 34627 | Orc:2    | Bought a book of Cantrips for 300 gold pieces
 34629 | Orc:2    | Learned a level 1 spell: Animate Skeleton
 34639 | Orc:2    | Learned a level 3 spell: Ozocubu's Armour
 34642 | Orc:2    | Bought a book of the Sky for 975 gold pieces
 34648 | Orc:2    | Learned a level 4 spell: Summon Lightning Spire
 34649 | Orc:2    | Bought a potion of haste for 150 gold pieces
 34649 | Orc:2    | Bought a potion of magic for 120 gold pieces
 34649 | Orc:2    | Bought a potion of invisibility for 120 gold pieces
 34649 | Orc:2    | Bought a potion of might for 60 gold pieces
 34649 | Orc:2    | Bought a potion of heal wounds for 75 gold pieces
 34649 | Orc:2    | Bought a potion of curing for 45 gold pieces
 34649 | Orc:2    | Bought a potion of curing for 45 gold pieces
 35507 | D:13     | Reached skill level 10 in Fighting
 35507 | D:13     | Reached skill level 10 in Short Blades
 35507 | D:13     | Reached skill level 10 in Long Blades
 35507 | D:13     | Reached skill level 10 in Axes
 35507 | D:13     | Reached skill level 10 in Maces & Flails
 35507 | D:13     | Reached skill level 10 in Polearms
 35507 | D:13     | Reached skill level 10 in Staves
 35507 | D:13     | Reached skill level 10 in Slings
 35507 | D:13     | Reached skill level 10 in Bows
 35507 | D:13     | Reached skill level 10 in Crossbows
 35507 | D:13     | Reached skill level 10 in Throwing
 35507 | D:13     | Reached skill level 10 in Armour
 35507 | D:13     | Reached skill level 10 in Shields
 35507 | D:13     | Reached skill level 10 in Unarmed Combat
 35507 | D:13     | Reached skill level 10 in Evocations
 36220 | D:13     | Found a bloodstained altar of Trog.
 36450 | D:13     | Got a brightly glowing mace
 36452 | D:13     | Identified the +5 mace of Chaos {venom, rF- Will+ Int+5}
                  | (You found it on level 13 of the Dungeon)
 36835 | D:13     | Found a gate to the Vaults.
 37233 | D:9      | Killed qqq123's ghost
 37381 | D:9      | Got a masterwork hand crossbow
 37382 | D:9      | Identified the cursed +1 hand crossbow of Ythratipt {penet,
                  | rN+} (You found it on level 9 of the Dungeon)
 37387 | D:9      | Got the ring "Xifrebae" {Fire}
 37389 | D:9      | Identified the ring "Xifrebae" {Fire rN+ Will+ Int-3
                  | Stlth+} (You found it on level 9 of the Dungeon)
 37409 | D:9      | Learned a level 6 spell: Conjure Ball Lightning
 39631 | D:15     | Entered Level 15 of the Dungeon
 41105 | D:15     | Reached XP level 16. HP: 110/110 MP: 31/31
 42883 | D:15     | Found a staircase to the Depths.
 42926 | D:15     | Learned a level 2 spell: Slow
 42929 | D:15     | Learned a level 2 spell: Swiftness
 43143 | Swamp:1  | Entered Level 1 of the Swamp
 44223 | Spider:1 | Entered Level 1 of the Spider Nest
 45548 | Swamp:1  | Noticed Roxanne
 45756 | Swamp:1  | Killed Roxanne
 45835 | Swamp:1  | You fall into a shaft and drop 1 floor!
 46541 | Swamp:2  | Noticed a fenstrider witch
 46552 | Swamp:2  | Killed a fenstrider witch
 47014 | Swamp:1  | You fall into a shaft and drop 1 floor!
 47840 | Swamp:1  | Acquired 482 gold pieces
 49831 | Swamp:3  | Slain by a four-headed hydra

Illustrated notes

Levels and vault maps discovered:
D:1:      minmay_arrival_four_circles, layout_basic
D:2:      layout_basic, elyvilon_altar_1, tso_oasis_becter, grunt_ministairs_3,
          uniq_natasha, uniq_robin, uniq_jessica
D:3:      layout_rooms, ashenzari_conservatory_becter, goddamned_bats,
          uniq_terence
D:4:      layout_basic, minmay_temple_entry_offerings
D:5:      layout_rooms, minitemple, serial_curves, eino_curves_01,
          eino_curves_03, eino_curves_03, eino_curves_03, columned_hall_lemuel
D:6:      minmay_evil_eye, layout_basic, general_overflow_altar,
          lemuel_doored_altar, vehumet_statue, uniq_eustachio, uniq_maggie
D:7:      layout_rooms, gammafunk_ghost_necromancy, enter_bailey_5,
          serial_shops, shop, uniq_menkaure, uniq_pikel
D:8:      layout_basic, dpeg_lair_monsters
D:9:      layout_long_grid, nicolae_overflow_hidden_temple, gammafunk_ghost_icy,
          uniq_gastronok
D:10:     cheibrodos_barr_body, layout_irregular_city, basic_altar,
          minmay_misc_feat_pillars, kennysheep_generic_room_10, uniq_maurice
D:11:     layout_irregular_city, serial_shops, nicolae_shop_behind_doors,
          nicolae_shop_trees, chequers_serial_rivers_marsh, uniq_erica
D:12:     layout_layer_cave, orc_david_3, trog_ov_bears_minmay
D:13:     minmay_the_grid_octo_tiled_squarecenter_mashed
          [minmay_the_grid_octo_vomiting_pacman,
          minmay_the_grid_octo_fan_narrow, minmay_the_grid_octo_77,
          minmay_the_grid_octo_pinwheel,
          minmay_the_grid_square_5x5_megaprize_open,
          minmay_the_grid_square_5x5_hourglass,
          minmay_the_grid_square_5x5_three_walls,
          minmay_the_grid_square_5x5_two_walls_b,
          minmay_the_grid_square_5x5_inset], layout_gridville,
          grunt_vaults_entry_tiered, disabler_island
D:14:     layout_cave_pods, minivault_26, serial_park, serial_park_avenue1,
          serial_park_square1 [serial_park_minivault_5x5_6],
          serial_park_tiny_pond, serial_park_square3
          [serial_park_minivault_5x5_3], minmay_misc_feat_ornament
D:15:     grunt_enter_depths_magical_seal, layout_basic, nicolae_lava_and_water
Temple:   minmay_temple_curvy_loop
Lair:1:   layout_chaotic_city, st_stairs_5
Lair:2:   layout_hall_layers, spider_nest_entry_webs, gauntlet_entry_generic,
          lemuel_fruit_fields, lemuel_fruit_fields
Lair:3:   layout_roguey, infiniplex_staircase_pool_2, lemuel_fruit_fields,
          lemuel_fruit_tree
Lair:4:   layout_regular_city, swamp_mist, serial_bayou_shore_a, uniq_snorg
Lair:5:   layout_roguey, gammafunk_ghost_cemetery, grunt_megastairs_5,
          uniq_rupert
Lair:6:   evilmike_catoblepas_cave, layout_loops_ring, slime_altar_1
Swamp:1:  layout_basic_swamp, evilmike_swamp_ruin_house_1, uniq_roxanne
Swamp:2:  layout_falls_marsh, evilmike_swamp_ruin_house_2
Swamp:3:  layout_basic_swamp, nicolae_swamp_triple_paths
Spider:1: cheibrodos_spider_deadly_dance
Orc:1:    layout_caves, serial_shops, shop, portal_ice_cave_entry_ice_beasts,
          nicolae_orc_lava_tube, uniq_fannar, uniq_jorgrun
Orc:2:    grunt_orc_tribal_feast, layout_caves, basic_altar, serial_shops, shop

Skill      XL: |  1  2  3  4  5  6  7  8  9 10 11 12 13 14 15 16 |
---------------+-------------------------------------------------+-----
Spellcasting   | 5 6 7 8 9 10 11 12 | 12.0
Invocations    | 1 2 3 4 5 6 7 8 9 10 11 12 | 12.0
Fighting       | 1 2 3 4 5 6 7 8 9 10 11 | 11.1
Short Blades   | 1 2 3 4 5 6 7 8 9 10 11 | 11.1
Long Blades    | 1 2 3 4 5 6 7 8 9 10 11 | 11.1
Axes           | 1 2 3 4 5 6 7 8 9 10 11 | 11.1
Maces & Flails | 1 2 3 4 5 6 7 8 9 10 11 | 11.1
Polearms       | 1 2 3 4 5 6 7 8 9 10 11 | 11.1
Staves         | 1 2 3 4 5 6 7 8 9 10 11 | 11.1
Slings         | 1 2 3 4 5 6 7 8 9 10 11 | 11.1
Bows           | 1 2 3 4 5 6 7 8 9 10 11 | 11.1
Crossbows      | 1 2 3 4 5 6 7 8 9 10 11 | 11.1
Throwing       | 1 2 3 4 5 6 7 8 9 10 11 | 11.1
Armour         | 1 2 3 4 5 6 7 8 9 10 11 | 11.1
Shields        | 1 2 3 4 5 6 7 8 9 10 11 | 11.1
Unarmed Combat | 1 2 3 4 5 6 7 8 9 10 11 | 11.1
Evocations     | 1 2 3 4 5 6 7 8 9 10 11 | 11.1
Hexes          | 1 2 3 4 5 6 7 8 9 |  9.4
Summonings     | 1 2 3 4 5 6 7 8 9 |  9.4
Necromancy     | 1 2 3 4 5 6 7 8 9 |  9.4
Translocations | 1 2 3 4 5 6 7 8 9 |  9.4
Transmutations | 1 2 3 4 5 6 7 8 9 |  9.4
Fire Magic     | 1 2 3 4 5 6 7 8 9 |  9.4
Ice Magic      | 1 2 3 4 5 6 7 8 9 |  9.4
Air Magic      | 1 2 3 4 5 6 7 8 9 |  9.4
Earth Magic    | 1 2 3 4 5 6 7 8 9 |  9.4
Poison Magic   | 1 2 3 4 5 6 7 8 9 |  9.4
Dodging        | 5 6 7 8 9 10 11 | 11.9
Stealth        | 5 6 7 8 9 10 11 | 11.8
Conjurations   | 8 9 10 11 | 11.6

Action                   |  1- 3 |  4- 6 |  7- 9 | 10-12 | 13-15 | 16-18 || total
-------------------------+-------+-------+-------+-------+-------+-------++-------
Melee: Hand axe          |       |     9 |     1 |       |       |       ||    10
       Bite              |       |     1 |     3 |    15 |    49 |    16 ||    84
       Punch             |       |     1 |       |     4 |     6 |       ||    11
       Quarterstaff      |       |       |    39 |    53 |       |       ||    92
       Staff             |       |       |       |    57 |    53 |       ||   110
       Morningstar       |       |       |       |    41 |   140 |       ||   181
       Trident           |       |       |       |       |   186 |   121 ||   307
       Scimitar          |       |       |       |       |    42 |       ||    42
       Hand crossbow     |       |       |       |       |     1 |     1 ||     2
 Fire: Hand crossbow     |       |       |       |    35 |   111 |    55 ||   201
Throw: Dart              |       |       |     6 |   118 |     7 |     4 ||   135
       Javelin           |       |       |       |     9 |   164 |       ||   173
       Stone             |       |       |       |     6 |       |       ||     6
 Cast: Magic Dart        |    54 |   145 |    89 |    27 |     1 |       ||   316
       Searing Ray       |     1 |     4 |    35 |    50 |    19 |       ||   109
       Fulminant Prism   |       |       |     1 |     3 |     4 |       ||     8
       Mephitic Cloud    |       |       |       |    24 |    49 |     5 ||    78
       Iskenderun's Myst |       |       |       |     3 |     1 |       ||     4
       Frozen Ramparts   |       |       |       |     2 |     7 |       ||     9
       Hailstorm         |       |       |       |    17 |     8 |       ||    25
       Airstrike         |       |       |       |       |     9 |    12 ||    21
       Summon Ice Beast  |       |       |       |       |   141 |    65 ||   206
       Summon Lightning  |       |       |       |       |    48 |    40 ||    88
       Conjure Ball Ligh |       |       |       |       |    10 |     6 ||    16
       Blink             |       |       |       |       |       |     5 ||     5
Invok: Recall Ancestor   |       |       |     3 |     9 |    16 |     6 ||    34
       Ancestor Life: Kn |       |       |       |     1 |       |       ||     1
       Idealise          |       |       |       |       |    13 |     3 ||    16
       Transference      |       |       |       |       |     1 |       ||     1
Evoke: Wand              |       |       |       |       |    30 |    19 ||    49
       Box of beasts     |       |       |       |       |     5 |     2 ||     7
       Phantom mirror    |       |       |       |       |     3 |     3 ||     6
       Condenser vane    |       |       |       |       |     3 |     3 ||     6
       Phial of floods   |       |       |       |       |     3 |     2 ||     5
  Use: Scroll            |       |       |    10 |    28 |    19 |     9 ||    66
       Potion            |       |       |     4 |     4 |     8 |     9 ||    25
 Stab: Sleeping          |       |       |     1 |     2 |     5 |       ||     8
       Distracted        |       |       |     1 |     1 |    10 |     2 ||    14
       Confused          |       |       |       |     2 |     7 |       ||     9
       Paralysed         |       |       |       |       |       |     1 ||     1
Armor: Robe              |     4 |    23 |    33 |     2 |       |       ||    62
       Swamp dragon scal |       |       |       |   127 |   187 |   125 ||   439
       Skin              |       |       |       |    16 |       |       ||    16
Dodge: Dodged            |    17 |    85 |   131 |   178 |   384 |   187 ||   982
Block: Kite shield       |       |       |       |       |   253 |   192 ||   445
       Rpst.: Scimitar   |       |       |       |       |    10 |       ||    10
